 Dungeon Crawl Stone Soup version 0.31-a0-810-ga77100ea1a (webtiles) character file.

Game seed: 2170922945535080770

43 scionoferis the Trooper (level 3, -4/34 HPs)
             Began as a Hill Orc Monk on Sept 21, 2023.
             Slain by Terence
             ... wielding a +0 flail of protection
              (6 damage)
             ... on level 3 of the Dungeon.
             The game lasted 00:04:36 (1879 turns).

scionoferis the Trooper (Hill Orc Monk)             Turns: 1879, Time: 00:04:36

Health: -4/34      AC:  5    Str: 13    XL:     3   Next: 58%
Magic:  3/3        EV: 11    Int: 12    God:
Gold:   139        SH:  0    Dex: 13    Spells: 2/2 levels left

rFire   . . .        a - +0 falchion
rCold   . . .        d - orb {light}
rNeg    . . .        n - +0 ring mail
rPois   .            (no helmet)
rElec   .            (no cloak)
rCorr   .            (no gloves)
SInv    .            (no boots)
Will    .....        (no amulet)
Stlth   +            i - ring of flight
HPRegen 0.25/turn    (no ring)
MPRegen 0.08/turn

%: no passive effects
@: flying, glowing
A: no striking features
a: no special abilities


You were on level 3 of the Dungeon.
You visited 1 branch of the dungeon, and saw 3 of its levels.

You collected 139 gold pieces.


   Skills:
 + Level 4.4 Fighting
 - Level 3.7 Long Blades
 - Level 2.4 Dodging
 + Level 1.5 Stealth


You had 2 spell levels left.
You didn't know any spells.
Your spell library was empty.

Inventory:

Hand Weapons
 a - a +0 falchion (weapon)
Armour
 d - an orb of light (worn)
 n - a +0 ring mail (worn)
   (You found it on level 2 of the Dungeon)
 p - an orb of guile
   (You found it on level 2 of the Dungeon)
Jewellery
 i - a ring of flight (left hand)
   (You found it on level 1 of the Dungeon)
 k - a ring of ice
   (You found it on level 1 of the Dungeon)
Scrolls
 f - 2 scrolls of identify {unknown}
 g - a scroll of revelation {unknown}
 h - 3 scrolls of poison {unknown}
 j - a scroll of amnesia {unknown}
 o - a scroll of blinking {unknown}
Potions
 c - a potion of ambrosia
 e - a potion of might {unknown}
 l - a potion of brilliance {unknown}
 m - 2 potions of enlightenment {unknown}
 q - a potion of mutation {unknown}

Dungeon Overview and Level Annotations

Branches:
Dungeon (3/15)

Altars:

Shops:
D:1 (

Annotations:
D:3 Terence

#......#
#......#
#.(....#
......# ..(..
....## #'#..
#@#.#
##########@#.#
#............#
#............#
#............#
#............#
##########+#.#
#<# ###


You could see Terence.


Message History

Welcome, scionoferis the Hill Orc Monk.
They say the Orb of Zot lies within this dungeon, but they say a lot of things.
Press ? for a list of commands and other information.
Found a staircase leading out of the dungeon.
You now have 12 gold pieces.
You now have 21 gold pieces (gained 9).
You open the door. You open the door.
There is an open door here.
You open the door. You open the door.
There is an open door here.
There is an open door here.
e - a black potion
f - a scroll labelled XUVUEF VICISCH
Found a short sword.
g - a scroll labelled BIXIRR ROURAC
h - 2 scrolls labelled TUDWIMM TAXALUP As you open the door, it creaks loudly!
You hear a shout! x2
A hobgoblin comes into view.
A kobold comes into view. It is wielding a +0 dagger.
You hear a shout!
You hit the hobgoblin.
The hobgoblin is almost dead.
The hobgoblin closely misses you.
You hit the hobgoblin.
You kill the hobgoblin!
You hit the kobold.
You kill the kobold!
No target in view!
There is an open door here.
Things that are here:
a +0 dagger; a kobold corpse A rat comes into view.
The rat misses you.
You hit the rat.
You kill the rat!
No target in view!
A hobgoblin comes into view.
The hobgoblin shouts!
You hit the hobgoblin.
The hobgoblin is lightly wounded.
The hobgoblin misses you.
You hit the hobgoblin but do no damage.
The hobgoblin is lightly wounded.
The hobgoblin barely misses you.
A hobgoblin is nearby!
You hit the hobgoblin.
You kill the hobgoblin!
No target in view!
You now have 31 gold pieces (gained 10).
You see here a hobgoblin corpse.
You see here a hobgoblin corpse.
You see here a rat corpse.
You see here a rat corpse.
There is an open door here.
Things that are here:
a +0 dagger; a kobold corpse A frilled lizard comes into view.
The frilled lizard hisses angrily.
The frilled lizard bites you.
You barely miss the frilled lizard. The frilled lizard misses you.
The frilled lizard hisses.
The frilled lizard bites you.
You closely miss the frilled lizard. The frilled lizard barely misses you.
You hit the frilled lizard but do no damage.
The frilled lizard completely misses you.
You slash the frilled lizard!
You kill the frilled lizard!
No target in view!
HP restored.
A frilled lizard comes into view.
The frilled lizard hisses angrily.
The frilled lizard closely misses you.
You hit the frilled lizard but do no damage.
The frilled lizard closely misses you.
You barely miss the frilled lizard. The frilled lizard barely misses you.
You barely miss the frilled lizard. The frilled lizard barely misses you.
The frilled lizard closely misses you.
You completely miss the frilled lizard. The frilled lizard closely misses you.
You hit the frilled lizard.
You kill the frilled lizard!
No target in view!
You see here a frilled lizard corpse.
An endoplasm comes into view.
The endoplasm quivers.
You hit the endoplasm.
The endoplasm is moderately wounded.
The endoplasm freezes you.
You are frozen.
You hit the endoplasm.
The endoplasm is almost dead.
The endoplasm hits you.
You slash the endoplasm!
You kill the endoplasm!
You have reached level 2!
You now have 47 gold pieces (gained 16).
f - 2 scrolls labelled XUVUEF VICISCH (gained 1)
You now have 57 gold pieces (gained 10).
A frilled lizard comes into view.
The frilled lizard hisses angrily.
The frilled lizard bites you.
You hit the frilled lizard.
You kill the frilled lizard!
No target in view!
You see here a frilled lizard corpse.
You now have 58 gold pieces (gained 1).
A ball python comes into view.
You see here a ring of flight.
i - a ring of flight You fly up into the air.
i - a ring of flight (left hand)
You barely miss the ball python. The ball python completely misses you.
The ball python barely misses you. The ball python closely misses you.
The ball python grabs you. The ball python constricts you.
You hit the ball python.
You kill the ball python!
No target in view!
Found a stone staircase leading down.
A kobold comes into view. It is wielding a +0 dagger.
The kobold shouts!
A bat comes into view.
The bat hits you but does no damage.
You closely miss the bat. The bat hits you but does no damage.
You barely miss the kobold. The kobold hits you with a +0 dagger.
The bat hits you but does no damage.
You hit the bat but do no damage. The bat hits you but does no damage. x2
The kobold closely misses you. x2
You hit the bat.
The bat is severely wounded.
The bat closely misses you. The kobold hits you but does no damage.
You barely miss the bat.
The bat is severely wounded.
The bat hits you but does no damage. The kobold misses you.
You hit the bat but do no damage.
The bat is heavily wounded.
The bat misses you. The kobold closely misses you. The bat closely misses you.
You hit the bat but do no damage.
The bat is heavily wounded.
The bat misses you. The kobold closely misses you.
You hit the bat.
You kill the bat!
The kobold hits you with a +0 dagger.
You hit the kobold.
You kill the kobold!
No target in view!
You now have 70 gold pieces (gained 12).
A frilled lizard comes into view.
The frilled lizard hisses angrily.
You hit the frilled lizard.
You kill the frilled lizard!
No target in view!
You now have 78 gold pieces (gained 8).
Found a stone staircase leading down.
Found Moamp's Antique Weapon Shoppe.
A jackal comes into view.
The jackal barks!
A jackal comes into view.
The jackal closely misses you.
You barely miss the jackal.
The jackal bites you but does no damage.
You closely miss the jackal. The jackal bites you.
The jackal barely misses you.
You hit the jackal but do no damage. The jackal barely misses you.
You hit the jackal.
You kill the jackal!
The jackal bites you.
You hit the jackal.
The jackal is moderately wounded.
The jackal bites you.
You hit the jackal.
You kill the jackal!
No target in view!
Things that are here:
a jackal corpse; a jackal corpse
Found a chain mail.
There is an entrance to Moamp's Antique Weapon Shoppe here.
Unknown command.
You now have 92 gold pieces (gained 14).
j - a scroll labelled BISKIL OSAPTEJA You see here a +0 scale mail.
Found a stone staircase leading down.
There is a stone staircase leading down here.
k - a ring of ice
There is a stone staircase leading down here.
You see here a +0 scale mail.
l - a +0 scale mail You start removing your armour.
You continue taking off your +0 robe. x4
You finish taking off your +0 robe.
You start putting on your armour.
You continue putting on your +0 scale mail. x5
You finish putting on your +0 scale mail.
Unknown command.
You drop a +0 robe.
An endoplasm comes into view.
The endoplasm quivers.
The endoplasm hits you.
You hit the endoplasm.
The endoplasm is moderately wounded.
The endoplasm hits you but does no damage.
You hit the endoplasm.
You kill the endoplasm!
No target in view!
There is an open door here.
Done exploring.
Done exploring.
Search for what [? for help]? shop
There is an open door here.
There is a stone staircase leading down here.
You see here a +0 robe.
There is an entrance to Moamp's Antique Weapon Shoppe here.
You can access your shopping list by pressing '$'.
There is a stone staircase leading down here.
You fly downwards.
Found 5 gold pieces and a runed hand axe.
There is a stone staircase leading up here.
Found an escape hatch in the ceiling.
Found a stone staircase leading up.
You see here a +0 vampiric hand axe.
You now have 97 gold pieces (gained 5).
A worm comes into view.
A worm is nearby!
Found 2 poisoned darts and a scroll labelled TUDWIMM TAXALUP.
You slash the worm!
The worm is moderately wounded.
You hit the worm but do no damage.
The worm is moderately wounded.
The worm bites you but does no damage.
You slash the worm!
The worm is severely wounded.
You hit the worm.
You kill the worm!
Your Fighting skill increases to level 4!
No target in view!
There is an escape hatch in the ceiling here.
You see here 2 poisoned darts.
b - 2 poisoned darts
h - 3 scrolls labelled TUDWIMM TAXALUP (gained 1)
Found a stone staircase leading up and a stone staircase leading down.
Found a stone staircase leading down.
m - a pink potion
Found a club.
Found 6 stones.
A rat comes into view.
You hit the rat.
You kill the rat!
Your Stealth skill increases to level 1!
No target in view!
Found a stone staircase leading down.
A hobgoblin comes into view.
The hobgoblin shouts!
You slash the hobgoblin!
You kill the hobgoblin!
No target in view!
Found a ring mail.
A hobgoblin comes into view.
The hobgoblin shouts!
You see here a +0 ring mail.
n - a +0 ring mail You barely miss the hobgoblin.
The hobgoblin barely misses you.
A bat comes into view.
You barely miss the hobgoblin. The hobgoblin hits you.
You barely miss the hobgoblin.
The hobgoblin hits you but does no damage.
The bat hits you but does no damage.
The hobgoblin attacks as it pursues you!
The hobgoblin hits you.
You hit the hobgoblin but do no damage. The bat barely misses you.
The hobgoblin closely misses you.
You barely miss the hobgoblin. The bat hits you but does no damage.
The hobgoblin barely misses you. The hobgoblin closely misses you.
The bat attacks as it pursues you! The bat hits you.
The bat hits you but does no damage. The bat closely misses you.
You hit the bat.
The bat is moderately wounded.
The bat completely misses you.
You hit the hobgoblin.
The hobgoblin is lightly wounded.
The hobgoblin hits you.
The hobgoblin attacks as it pursues you!
The hobgoblin hits you but does no damage.
The bat hits you but does no damage. The bat hits you but does no damage.
The bat barely misses you. The bat hits you but does no damage.
You slash the bat!
You kill the bat!
You hit the hobgoblin but do no damage.
The hobgoblin is lightly wounded.
The hobgoblin barely misses you.
You hit the hobgoblin.
The hobgoblin is almost dead.
The hobgoblin barely misses you.
You hit the hobgoblin.
You kill the hobgoblin!
No target in view!
No target in view!
Okay, then.
You start removing your armour.
You continue taking off your +0 scale mail. x2
HP restored.
You continue taking off your +0 scale mail. x2
You finish taking off your +0 scale mail.
You start putting on your armour.
You continue putting on your +0 ring mail. x5
You finish putting on your +0 ring mail.
You drop a +0 scale mail.
A hobgoblin comes into view.
The hobgoblin shouts!
You hit the hobgoblin.
The hobgoblin is severely wounded.
The hobgoblin closely misses you. x2
You hit the hobgoblin.
The hobgoblin is almost dead.
The hobgoblin hits you.
You hit the hobgoblin.
You kill the hobgoblin!
You have reached level 3!
Your experience leads to an increase in your attributes!
Increase (S)trength, (I)ntelligence, or (D)exterity?
You feel clever. x2
Found a dagger.
You see here a +0 dagger.
A rat comes into view.
Found 13 gold pieces.
Found an escape hatch in the floor.
You hit the rat.
You kill the rat!
No target in view!
You now have 110 gold pieces (gained 13).
m - 2 pink potions (gained 1)
There is an escape hatch in the floor here.
You see here a rat corpse.
You see here a +0 dagger.
You see here a hobgoblin corpse.
Found a short sword.
A goblin comes into view. It is wielding a +0 dagger.
Found 13 gold pieces.
The goblin shouts!
You see here an inky potion.
l - an inky potion You barely miss the goblin.
The goblin completely misses you.
You slash the goblin!
You kill the goblin!
No target in view!
Things that are here:
a +0 dagger; a goblin corpse You now have 123 gold pieces (gained 13).
Things that are here:
a +0 dagger; a goblin corpse
o - a scroll labelled ULUZECL FEWE You see here an orb of guile.
p - an orb of guile
q - an orange potion
Found a scale mail.
A giant cockroach comes into view.
You barely miss the giant cockroach. The giant cockroach bites you.
You hit the giant cockroach.
The giant cockroach is severely wounded.
The giant cockroach barely misses you. x2
A giant cockroach is nearby!
You hit the giant cockroach.
You kill the giant cockroach!
No target in view!
You now have 133 gold pieces (gained 10).
You see here a giant cockroach corpse.
Found a club.
An endoplasm comes into view.
The endoplasm quivers.
You hit the endoplasm.
The endoplasm is moderately wounded.
The endoplasm closely misses you. The endoplasm freezes you.
You are frozen.
You hit the endoplasm.
The endoplasm is severely wounded.
The endoplasm freezes you.
You are frozen.
You slash the endoplasm!
You kill the endoplasm!
No target in view!
You now have 139 gold pieces (gained 6).
There is a stone staircase leading up here.
A rat comes into view.
A rat is nearby!
You completely miss the rat. The rat barely misses you.
You hit the rat.
You kill the rat!
No target in view!
An endoplasm comes into view.
The endoplasm quivers.
The endoplasm freezes you.
You are frozen.
You hit the endoplasm.
The endoplasm is moderately wounded.
The endoplasm hits you.
You hit the endoplasm.
You kill the endoplasm!
No target in view!
Found 5 stones.
Found a sling.
You see here a +0 sling.
You see here a +0 sling.
A ball python comes into view.
The ball python hisses angrily.
The ball python misses you. The ball python barely misses you.
You slash the ball python!
You kill the ball python!
No target in view!
A goblin comes into view. It is wielding a +0 dagger.
You hit the goblin.
You kill the goblin!
No target in view!
Done exploring.
Done exploring.
Things that are here:
a +0 dagger; a goblin skeleton
There is a stone staircase leading down here.
Unknown command.
You fly downwards.
You hear the sound of rushing water.
There is an entrance to a sewer on this level.
Hurry and find it before the portal rusts away!
There is a stone staircase leading up here.
You reach down and open the door.
Terence and an adder come into view.
Terence is wielding a +0 flail of protection and wearing a +4 scale mail of fire resistance.
Terence shouts!
Unknown command.
Throw: 2 darts (poison)
Press: ? - help, Q - select action Shift-Dir - straight line, f - adder
Aim: an adder (35% to hit)
You throw a poisoned dart. The poisoned dart hits Terence.
Terence is poisoned.
Unknown command.
Throw: dart (poison)
Press: ? - help, Q - select action Shift-Dir - straight line, f - Terence, p - adder
Aim: Terence, wielding a +0 flail of protection and wearing a +4 scale mail of fire resistance (lightly wounded, poisoned, 60% to hit)
You throw a poisoned dart. The poisoned dart hits Terence.
Terence looks even sicker.
Terence is lightly wounded.
The adder bites you.
You hit the adder.
The adder is lightly wounded.
The adder bites you.
You slash the adder!
The adder is severely wounded.
The adder barely misses you. The adder closely misses you.
You hit the adder but do no damage.
The adder is severely wounded.
The adder closely misses you.
You hit the adder.
The adder is almost dead.
The adder bites you but does no damage. The adder closely misses you.
You barely miss the adder.
The adder is almost dead.
The adder bites you but does no damage.
You hit the adder but do no damage.
The adder is almost dead.
The adder barely misses you.
You barely miss the adder.
The adder is almost dead.
The adder bites you. x2
You barely miss the adder.
The adder is almost dead.
The adder bites you.
You are poisoned.
The adder poisons you!
You barely miss the adder.
The adder is almost dead.
You feel sick. The adder bites you. The adder misses you.
You hit the adder.
You kill the adder!
You feel sick.
Terence looks more healthy.
You hit Terence.
Terence is almost dead.
You feel sick.
You are no longer poisoned.
Terence closely misses you.
You barely miss Terence.
Terence is almost dead.
Terence hits you but does no damage.
You hit Terence but do no damage.
Terence is almost dead.
Terence barely misses you.
You hit Terence but do no damage.
Terence is almost dead.
Terence looks scornfully at you.
Terence hits you with a +0 flail of protection.
You barely miss Terence.
Terence is almost dead.
Terence hits you with a +0 flail of protection.
You hit Terence but do no damage.
Terence is almost dead.
Terence screams, "I'm going to kill you!"
Terence closely misses you.
You hit Terence.
Terence is almost dead.
Terence hits you with a +0 flail of protection!
* * * LOW HITPOINT WARNING * * *
Terence misses you.
You hit Terence but do no damage.
Terence is almost dead.
Terence barely misses you.
You hit Terence but do no damage.
Terence is almost dead.
Terence hits you with a +0 flail of protection.
* * * LOW HITPOINT WARNING * * *
You hit Terence but do no damage.
Terence is almost dead.
Terence barely misses you.
You hit Terence but do no damage.
Terence is almost dead.
Terence hits you with a +0 flail of protection.
You die...

Skill      XL: |  1  2 |
---------------+-------+-----
Fighting       | 4 |  4.4
Stealth        | 1 |  1.5
Long Blades    | |  3.7
Dodging        | |  2.4

Action                     || total
---------------------------++-------
  Melee: Falchion          ||    96
  Throw: Dart              ||     2
 Armour: Robe              ||    17
         Scale mail        ||    15
         Ring mail         ||    17
  Dodge: Dodged            ||    59

Levels and vault maps discovered:
D:1:      dpeg_cavernosity, layout_loops_ring, serial_shops, shop
D:2:      layout_loops_cross
D:3:      layout_basic, portal_sewer_entry_f, uniq_terence

Notes
Turn   | Place    | Note
-------+----------+-------------------------------------------
     0 | D:1      | scionoferis the Hill Orc Monk began the quest for the Orb.
     0 | D:1      | Reached XP level 1. HP: 19/19 MP: 1/1
   302 | D:1      | Reached XP level 2. HP: 20/27 MP: 2/2
   510 | D:1      | Found Moamp's Antique Weapon Shoppe.
  1090 | D:2      | Reached skill level 4 in Fighting
  1157 | D:2      | Reached skill level 1 in Stealth
  1324 | D:2      | Reached XP level 3. HP: 30/33 MP: 3/3
  1853 | D:3      | Noticed Terence
  1877 | D:3      | HP: 2/34 [Terence/+0 flail of protection (5)]
  1879 | D:3      | Slain by Terence

Vanquished Creatures
  An adder (D:3)
  A worm (D:2)
  2 bats (D:1 D:2)
  4 endoplasms (D:1 D:2)
  A giant cockroach (D:2)
  2 goblins (D:2)
  5 hobgoblins (D:1 D:2)
  2 jackals (D:1)
  2 ball pythons (D:1 D:2)
  4 frilled lizards (D:1)
  2 kobolds (D:1)
  4 rats (D:1 D:2)
30 creatures vanquished.

Table legend: (Time is in decaauts)
 A = Elapsed time spent in this place.
 B = Non-inter-level travel time spent in this place.
 C = Inter-level travel time spent in this place.
 D = Time resting spent in this place.
 E = Time spent auto-exploring this place.
 F = Levels seen in this place.
 G = Mean time per level.
                   A        B        C        D        E       F      G
               +--------+--------+--------+--------+--------+-----+--------+
         Total |   1889 |   1739 |    150 |      0 |   1437 |   3 |  629.7 |
       Dungeon |   1889 |   1739 |    150 |      0 |   1437 |   3 |  629.7 |
               +--------+--------+--------+--------+--------+-----+--------+

Top non-repeatable levels by time:
     D:1: 1064 daAuts
     D:2: 785 daAuts
     D:3: 39 daAuts

Table legend:
 A = Non-vault XP
 B = Vault XP
 C = Vault XP percentage of total XP
 D = Non-vault monster count
 E = Vault monster count
 F = Vault count percentage of total count
                 A         B        C        D         E       F
            +---------+---------+-------+---------+---------+-------
      Total |      56 |       6 |   9.7 |      26 |       4 |  13.3
            +---------+---------+-------+---------+---------+-------
        D:1 |      16 |       6 |  27.3 |      11 |       4 |  26.7
        D:2 |      26 |       0 |   0.0 |      14 |       0 |   0.0
        D:3 |      14 |       0 |   0.0 |       1 |       0 |   0.0
            +---------+---------+-------+---------+---------+-------
